[Event "*** Titled Tuesday 3|2 Blitz"]
[Site "Chess.com"]
[Date "2016.03.01"]
[Round "3"]
[White "MMSANCHEZ"]
[Black "Recombinant"]
[Result "1-0"]
[WhiteElo "2271"]
[BlackElo "2204"]
[TimeControl "180+2"]
[EndTime "17:32:30 PST"]
[Termination "MMSANCHEZ won on time"]

1. d4 d6 2. Nf3 g6 3. c4 Bg7 4.
Nc3 Nc6 5. e4 Bg4 6. d5 Nd4 7.
Be3 c5 8. Be2 Nxe2 9. Qxe2 Bxc3+ 10. bxc3 Qa5 11. Qd2 Nf6 12. Ng5 h6 13. Nxf7 Kxf7 14.
f3 Bd7 15. O-O Kg7 16. Rae1 Qc7 17. Bf4 Nh5 18. Be3 Raf8 19. f4 b6 20. Qe2 Rf7 21. e5 dxe5 22. fxe5 Bf5 23. g4 Kh7 24. gxf5 Qxe5 25.
fxg6+ Kxg6 26. Qg2+ Ng3 27. Qxg3+ Qxg3+ 28. hxg3 Rxf1+ 29. Rxf1 h5 30. Kg2 Rd8 31. Bf4 Rd7 32. Kh3 a6 33.
Kh4 b5 34. cxb5 axb5 35. Re1 Rxd5 36. Rxe7 Rd3 37. Re6+ Kf7 38. Rb6 Rxc3 39. Rxb5 Rc2 40. a4 Rh2+ 41. Kg5 Ra2 42. Rxc5 Rxa4 43. Kxh5 Ra6 44.
g4 Kg7 45. g5 Kg8 46. Be5 Kh7 47. g6+ Rxg6 48. Rc7+ Rg7 49. Rxg7+ 1-0

[Event "*** Titled Tuesday 3|2 Blitz"]
[Site "Chess.com"]
[Date "2016.03.01"]
[Round "3"]
[White "GrigorGrigorov"]
[Black "FairChess_on_YouTube"]
[Result "0-1"]
[WhiteElo "2521"]
[BlackElo "2752"]
[TimeControl "180+2"]
[EndTime "17:32:50 PST"]
[Termination "FairChess_on_YouTube won by resignation"]

1. d4 d5 2. Nf3 Nf6 3. c4 c6 4. Nbd2 Bf5 5. Nh4 Be4 6. e3 e6 7.
Qb3 Qc7 8. Nhf3 Nbd7 9. Nxe4 Nxe4 10. Bd3 f5 11. Bd2 Nxd2 12. Kxd2 Nf6 13. Ke2 Ne4 14. Rac1 Bd6 15. g3 O-O 16. Qc2 Qf7 17. Kf1 Kh8 18. h4 Qh5 19. Be2 Qh6 20. Kg2 Rf6 21. Ng5 Qg6 22. f4 h6 23. h5 Qe8 24. Nxe4 fxe4 25. cxd5 exd5 26. Rcf1 Qe7 27. g4 Raf8 28. Rh3 Qc7 29. Rg3 Bxf4 30. exf4 Rxf4 31. Qd2 Rxf1 32. Bxf1 Rxf1 33. Kxf1 Qxg3 34. Qb4 Qxg4 35. Qxb7 Qf3+ 36. Ke1 e3 37. Qb8+ Kh7 38. Qh2 Qe4 39. Qg3 Qb1+ 40.
Ke2 Qxb2+ 41. Kxe3 Qc3+ 42. Kf2 Qxg3+ 43. Kxg3 g6 44.
Kg4 Kg7 0-1

[Event "*** Titled Tuesday 3|2 Blitz"]
[Site "Chess.com"]
[Date "2016.03.01"]
[Round "3"]
[White "GianmarcoVaR"]
[Black "chesstatour"]
[Result "1-0"]
[WhiteElo "2368"]
[BlackElo "2001"]
[TimeControl "180+2"]
[EndTime "17:32:50 PST"]
[Termination "GianmarcoVaR won by resignation"]

1. d4 Nf6 2. Nf3 b6 3. Bg5 Ne4 4. Bh4 d5 5. Nbd2 Bf5 6. e3 h6 7. Nxe4 dxe4 8. Nd2 Nd7 9. Bb5 g5 10. Bg3 Bg6 11. Bc6 f5 12. h4 gxh4 13. Rxh4 Rb8 14. c4 Bg7 15. Qa4 a6 16. Rb1 e6 17. Rh1 Ke7 18. Qxa6 Nf6 19. Qa7 Rc8 20. Qa3+ Kf7 21. f3 exf3 22. Nxf3 Ng4 23. Ke2 Qe7 24. Qxe7+ Kxe7 25.
b4 Bf6 26. a4 h5 27. a5 Be8 28. Bb7 Rd8 29. Bxc7 Rd7 30. axb6 e5 31. Nxe5 Nxe5 32. dxe5 Bg5 33. Bd6+ Kd8 34. Bd5 h4 35. c5 Bh5+ 36. Kf2 f4 37. exf4 Bxf4 38. Rxh4 Rf8 39. Bxf8 Bxe5 1-0

[Event "*** Titled Tuesday 3|2 Blitz"]
[Site "Chess.com"]
[Date "2016.03.01"]
[Round "3"]
[White "josiwales"]
[Black "hermionegrangermagic"]
[Result "0-1"]
[WhiteElo "2091"]
[BlackElo "2301"]
[TimeControl "180+2"]
[EndTime "17:32:54 PST"]
[Termination "hermionegrangermagic won by resignation"]

1. e4 c5 2. Nc3 Nc6 3. g3 g6 4. Bg2 Bg7 5. d3 d6 6. Be3 Nf6 7. h3 O-O 8. f4 Rb8 9. g4 b5 10. Nf3 b4 11. Ne2 c4 12. O-O cxd3 13. cxd3 Nd7 14.
d4 e5 15. d5 Ne7 16. f5 f6 17. Ng3 Ba6 18. Rf2 Qa5 19. h4 Nc5 20. Bxc5 Qxc5 21.
Rc1 Qb6 22. Qd2 Rbc8 23. Rd1 Rc4 24. Kh2 Rfc8 25. b3 Rc3 26. g5 Rd3 27. h5 Rxd2 28.
Rdxd2 fxg5 29. Bh3 Rf8 30. Rc2 Qe3 31. Kg2 gxf5 32. exf5 Nxd5 33. f6 Nf4+ 34. Kh2 Bxf6 35. Be6+ Kh8 36. Nf5 Qe4 37. Ng3 Qb7 38. Rcd2 Nxe6 39.
Rxd6 Nf4 40. h6 Qc8 41. Ne4 Qh3+ 42. Kg1 Qg4+ 43. Kh2 Qh5+ 44. Kg1 Nh3+ 45. Kg2 Nxf2 46. Nxf6 Qg6 47. Nxe5 Qxf6 48. Rxf6 Rxf6 0-1

[Event "*** Titled Tuesday 3|2 Blitz"]
[Site "Chess.com"]
[Date "2016.03.01"]
[Round "3"]
[White "jk13"]
[Black "ArnaudovP"]
[Result "1-0"]
[WhiteElo "2449"]
[BlackElo "2299"]
[TimeControl "180+2"]
[EndTime "17:33:09 PST"]
[Termination "jk13 won by resignation"]

1. e4 e5 2. Nf3 Nc6 3. Bc4 Bc5 4. c3 Nf6 5. d3 O-O 6. O-O d5 7. exd5 Nxd5 8. Re1 Bg4 9. h3 Bh5 10. Nbd2 Nb6 11.
Bb5 Bd6 12. Ne4 a6 13. Bxc6 bxc6 14. Ng3 Bg6 15. a4 Nd5 16. Nxe5 Qh4 17. Nf3 Qd8 18. Bg5 f6 19. Bc1 c5 20. Ne4 Qd7 21. Bd2 Rad8 22. Qb3 Bf7 23. Qc2 Be7 24. Rad1 Bg6 25. Bc1 Kh8 26.
Qe2 Rfe8 27. Qf1 Qxa4 28. d4 cxd4 29. Nxd4 c5 30. Ne6 Bxe4 31. Nxd8 Rxd8 32. c4 f5 33. cxd5 Bd6 34. Bd2 c4 35. Bc3 Qb5 36. Qe2 Bf8 37.
d6 Rxd6 38. Rxd6 Bxd6 39. f3 Qc5+ 40. Kh1 Bd3 41. Qe8+ Bf8 42. Re5 Qd6 43. Rd5 Qe7 44. Qxe7 Bxe7 45. Rd7 Bf6 46. Bxf6 gxf6 47. f4 Kg8 48.
Kg1 h5 49. h4 Kf8 50. Ra7 Kg8 51. Kf2 Kf8 52. g3 Kg8 53. Ke3 Kf8 54. Kd4 Kg8 55. b3 1-0

[Event "*** Titled Tuesday 3|2 Blitz"]
[Site "Chess.com"]
[Date "2016.03.01"]
[Round "3"]
[White "gumersindo"]
[Black "djgwards"]
[Result "0-1"]
[WhiteElo "2313"]
[BlackElo "2232"]
[TimeControl "180+2"]
[EndTime "17:33:30 PST"]
[Termination "djgwards won by resignation"]

1. d4 d5 2. c4 c6 3. Nf3 Nf6 4.
Nc3 e6 5. Bg5 Be7 6. e3 Nbd7 7.
Qc2 h6 8. Bh4 O-O 9. Bd3 dxc4 10.
Bxc4 b5 11. Bd3 Bb7 12. e4 a6 13. e5 Nd5 14. Bxe7 Qxe7 15. Nxd5 cxd5 16. O-O Rfc8 17.
Qd2 Rc6 18. Rfc1 Rac8 19. Rxc6 Rxc6 20. Rc1 Rxc1+ 21. Qxc1 Qd8 22. Qc3 Nb8 23. h4 Nc6 24. g4 Qb6 25. g5 b4 26. Qd2 hxg5 27. hxg5 g6 28. Qf4 a5 29. Bxg6 fxg6 30. Qf6 Qc7 31. Qxg6+ Qg7 32. Qxe6+ Qf7 33. Qg4 Ne7 34. Nh4 Bc8 35.
Qg2 Be6 36. Qg3 Nf5 37. Qf4 Nxh4 38. Qxh4 Qg6 39. Qf4 Qb1+ 40. Kh2 Qf5 41. Qxf5 Bxf5 42. a3 Kg7 43. axb4 axb4 44. Kg3 Kg6 45. f4 Be6 46. Kf3 Kh5 47. Kg3 Bf5 48. Kf3 Kh4 49. Ke3 Kg4 50. e6 Bxe6 51. g6 Kf5 52. g7 Kg4 53.
Kd3 Kxf4 54. Kc2 Ke4 55. Kb3 Kxd4 56. Kxb4 Ke3 57. Kc5 d4 58. Kd6 Bb3 0-1

[Event "*** Titled Tuesday 3|2 Blitz"]
[Site "Chess.com"]
[Date "2016.03.01"]
[Round "3"]
[White "thegreendog"]
[Black "Gau_truc_lon"]
[Result "1/2-1/2"]
[WhiteElo "2240"]
[BlackElo "2159"]
[TimeControl "180+2"]
[EndTime "17:33:43 PST"]
[Termination "Game drawn by repetition"]

1. d4 Nf6 2. c4 e6 3. Nf3 b6 4. g3 Ba6 5. Nbd2 c5 6. Bg2 Bb7 7. O-O cxd4 8. Nxd4 Bxg2 9. Kxg2 Qc8 10. b3 Qb7+ 11. f3 Nc6 12. Bb2 Bc5 13. Nxc6 dxc6 14.
Qc2 Be7 15. Rad1 c5 16. Bxf6 Bxf6 17. Ne4 Be7 18. Nd6+ Bxd6 19. Rxd6 O-O 20. Rfd1 Rac8 21. R1d3 g6 22. Qc3 Rc6 23. Rd8 Rc8 24. R8d7 Rc7 25. Qd2 Rxd7 26. Rxd7 Qa6 27. a4 Qc8 28. Rxa7 Rd8 29.
Qg5 Rd7 30. Rxd7 Qxd7 31. Qe3 Qc7 32. Kf2 Kg7 33. f4 Qc6 34. Qf3 Qd6 35. Qd3 Qc6 36.
Qc3+ Kg8 37. Qf3 Qd6 38. Qd3 Qc6 39. e4 Kg7 40. Ke3 Kg8 41. g4 h6 42. h4 Kg7 43. g5 hxg5 44. hxg5 Kg8 45. Qd8+ Kg7 46. Qf6+ Kg8 47. Qd8+ Kg7 48. Qd3 Qc7 49. Qc3+ Kg8 50.
Qe5 Qc6 51. Qb8+ Kg7 52. Qe5+ Kg8 53. f5 exf5 54. exf5 gxf5 55. Qxf5 Qg2 56. Kf4 Qd2+ 57.
Kg4 Qd1+ 58. Qf3 Qd4+ 59. Kg3 Qe5+ 60. Kh4 Qh8+ 61. Kg4 Qd4+ 62. Qf4 Qd1+ 63. Qf3 Qd4+ 64. Kg3 Qe5+ 65. Kh4 Qh8+ 66. Qh5 Qd4+ 67. Qg4 Qh8+ 68. Kg3 Qe5+ 69. Qf4 Qc3+ 70. Qf3 Qe5+ 1/2-1/2

[Event "*** Titled Tuesday 3|2 Blitz"]
[Site "Chess.com"]
[Date "2016.03.01"]
[Round "3"]
[White "Hikaru"]
[Black "dretch"]
[Result "1-0"]
[WhiteElo "2868"]
[BlackElo "2545"]
[TimeControl "180+2"]
[EndTime "17:33:51 PST"]
[Termination "Hikaru won by checkmate"]

1. g3 d5 2. Nf3 Nf6 3. d3 Bg4 4. Nbd2 Nbd7 5. h3 Bh5 6. Bg2 e5 7. g4 Bg6 8. Nh4 c6 9. e3 Bd6 10. a3 Qe7 11. b3 a5 12. Bb2 O-O 13. Qe2 Ne8 14. Nxg6 fxg6 15. h4 Nc7 16. g5 Rf7 17. Bh3 Raf8 18. O-O h6 19. Qg4 hxg5 20. Qxg5 Rf6 21.
Qg2 R6f7 22. Qg5 Rf6 23. Rae1 Ne6 24. Qg2 Bxa3 25. Bxa3 Qxa3 26. Nf3 Qe7 27. Nh2 Nec5 28. Kh1 e4 29. d4 Ne6 30. Bg4 R8f7 31. f4 exf3 32. Nxf3 Ndf8 33. Qg3 Nc7 34. Rg1 Qe4 35. Rgf1 Nb5 36. Rf2 Nc3 37. Kg1 Qe8 38. Rff1 Ne4 39.
Qg2 Qe7 40. Ne5 Rxf1+ 41. Rxf1 Rf6 42. Bf3 Nd6 43. Qh3 Nf5 44. Bg4 Nxh4 45. Ra1 g5 46. c3 g6 47. Rxa5 Kg7 48. Ra7 Kh8 49. Bc8 Qe8 50. Rxb7 Kg8 51. Rb8 Nf3+ 52. Nxf3 Qxe3+ 53. Kg2 Qe2+ 54. Kg1 Rxf3 55. Be6+ Kg7 56. Rb7+ Kf6 57.
Rf7# 1-0

[Event "*** Titled Tuesday 3|2 Blitz"]
[Site "Chess.com"]
[Date "2016.03.01"]
[Round "3"]
[White "Titus369"]
[Black "Shivagami"]
[Result "1-0"]
[WhiteElo "2284"]
[BlackElo "1808"]
[TimeControl "180+2"]
[EndTime "17:33:52 PST"]
[Termination "Titus369 won by resignation"]

1. e4 c5 2. Nf3 d6 3. d4 cxd4 4. Nxd4 Nf6 5. Nc3 g6 6. Be3 Bg7 7. f3 O-O 8. Qd2 Nc6 9. Bc4 Bd7 10. O-O-O Rc8 11. Bb3 Ne5 12. h4 Nc4 13. Bxc4 Rxc4 14. Kb1 Qa5 15. Nb3 Qc7 16. g4 a5 17. h5 a4 18. Nd4 a3 19. hxg6 fxg6 20. g5 Nh5 21.
Nd5 Qd8 22. Nb3 Bxb2 23. Nb6 Rc8 24. Nxc8 Qxc8 25. Bd4 Bxd4 26. Qxd4 Rxf3 27. Rd3 Rf8 28. Re1 Nf4 29. Rc3 Qb8 30. Qb4 Ne6 31. Qxa3 Nxg5 32. Qa5 Ne6 33. Qd5 Rf7 34. Rh1 Nf4 35. Qd2 Qa7 36. Rc7 Be6 37. Qb4 Ne2 38. Kb2 Bxb3 39. axb3 Qd4+ 40. Qxd4 Nxd4 41. Rxb7 Kf8 42. Rb8+ Kg7 43. Rc8 Rf4 44. Re1 Nf3 45. Re3 Ng5 46. Rc4 Kf6 47. b4 h5 48. b5 Ke5 49. b6 Rf8 50. b7 Rb8 51. Rb3 h4 52. Rc8 Rxb7 53. Rxb7 h3 54. Rxe7+ Kf4 55. Rh8 Kg3 56. Rg7 Nxe4 57.
Rxg6+ Kf4 58. Rxh3 Kf5 59. Rg1 1-0

[Event "*** Titled Tuesday 3|2 Blitz"]
[Site "Chess.com"]
[Date "2016.03.01"]
[Round "3"]
[White "IMRosen"]
[Black "davidarenas1224"]
[Result "0-1"]
[WhiteElo "2269"]
[BlackElo "2204"]
[TimeControl "180+2"]
[EndTime "17:33:55 PST"]
[Termination "davidarenas1224 won by resignation"]

1. d4 Nf6 2. Nf3 g6 3. c4 Bg7 4. Nc3 O-O 5. Bg5 d6 6. e3 c5 7. d5 Qb6 8. Qc1 h6 9. Bh4 e5 10. Nd2 Nbd7 11. Be2 a6 12. O-O Kh7 13. a3 Ng8 14. Rb1 f5 15. f4 e4 16. Kh1 Ndf6 17. h3 Kh8 18. b4 Nh7 19. Na4 Qc7 20. bxc5 dxc5 21. Nb6 Rb8 22. Qe1 Bc3 23. Rb3 Ba5 24.
Na4 Bd7 25. Nc3 Ngf6 26. Rg1 Bxc3 27. Rxc3 b5 28. g4 b4 29. axb4 cxb4 30. Rb3 a5 31. Qa1 a4 32. Rbb1 Kg8 33. Qe5 Ne8 34. Be7 Rf7 35. Bxb4 fxg4 36. Qxc7 Nxc7 37. hxg4 Nf6 38.
Bd6 Rxb1 39. Rxb1 Bxg4 40. Bxg4 Nxg4 41. Nxe4 Nxe3 42. Rb8+ Kh7 43. Rb7 Nxc4 44. Rxc7 Nxd6 45. Rxf7+ Nxf7 46. Nc3 a3 47. Kg2 Nd6 48. Kf3 Kg7 49. Ke3 Kf6 50. Kd4 Nb5+ 51. Nxb5 a2 52. d6 a1=Q+ 53. Kd5 Qd1+ 54. Kc6 Qf3+ 55. Kc7 Qxf4 56.
Kd8 Ke6 57. Kc7 Qc4+ 58. Kb6 Qxb5+ 59. Kxb5 Kxd6 0-1

[Event "*** Titled Tuesday 3|2 Blitz"]
[Site "Chess.com"]
[Date "2016.03.01"]
[Round "3"]
[White "tigra"]
[Black "MITerryble"]
[Result "0-1"]
[WhiteElo "2423"]
[BlackElo "2655"]
[TimeControl "180+2"]
[EndTime "17:33:56 PST"]
[Termination "MITerryble won by resignation"]

1. e4 e6 2. d4 d5 3. Nc3 Nf6 4. e5 Nfd7 5. f4 c5 6. Nf3 Nc6 7. Be3 Be7 8. Qd2 O-O 9. dxc5 Bxc5 10. Bxc5 Nxc5 11. O-O-O Qa5 12. Kb1 Rd8 13. Qe3 Qb6 14. Nd4 Bd7 15. Be2 Rac8 16. Rhe1 Nxd4 17. Rxd4 Bc6 18.
Red1 Rd7 19. g4 Rdc7 20. R1d2 Na4 21. Nxa4 Bxa4 22. Bd3 Bb5 23. a3 Bxd3 24. Qxd3 Rc3 25. Qe2 Rxa3 26. f5 Ra5 27. b3 Qc5 28. Qd3 Qa3 29.
Ra4 Rxa4 30. bxa4 Qxa4 31. Qb3 Qxb3+ 32. cxb3 h6 33. Kb2 a5 34. Rd4 b6 35. Rd1 Rc5 36. Ra1 d4 37. fxe6 fxe6 38. Re1 d3 39. Rd1 Rxe5 40. Rxd3 Re2+ 41. Ka3 Rxh2 42. Rd6 Rg2 43.
Rxe6 Rxg4 44. Rxb6 Rg5 45. Ka4 h5 46. Rb8+ Kh7 47. b4 axb4 48. Kxb4 h4 49. Kc3 Rd5 50. Rb4 g5 51. Kc4 Rd7 52. Rb5 Kh6 53. Rb8 h3 0-1

[Event "*** Titled Tuesday 3|2 Blitz"]
[Site "Chess.com"]
[Date "2016.03.01"]
[Round "3"]
[White "Goala"]
[Black "evgenyermolaev"]
[Result "1-0"]
[WhiteElo "2232"]
[BlackElo "2083"]
[TimeControl "180+2"]
[EndTime "17:34:01 PST"]
[Termination "Goala won by resignation"]

1. d4 c5 2. d5 Nf6 3. c4 g6 4. Nc3 Bg7 5. e4 d6 6. Bd3 O-O 7. h3 e6 8. Nf3 exd5 9. cxd5 b5 10. Nxb5 Re8 11. O-O Nxe4 12. Re1 a6 13. Na3 Nf6 14.
Rxe8+ Nxe8 15. Nc4 Bb7 16. Be4 Nf6 17. Bg5 h6 18.
Bxf6 Qxf6 19. Qb3 Qe7 20. Nxd6 f5 21. Nxb7 fxe4 22. Re1 Ra7 23. Nxc5 Qxc5 24. Qxb8+ Kh7 25. Rxe4 Qxd5 26. Qxa7 Qxe4 27. Qxa6 Qb1+ 28. Kh2 Qxb2 29. Qa7 h5 30. h4 Kh6 31. a4 Bf8 32. Qe3+ Kh7 33.
Ng5+ Kh8 34. g3 Qf6 35. Qe5 Qxe5 36. Nf7+ Kg7 37. Nxe5 Bd6 38. Nc4 Bc5 39. Kg2 Kf6 40. a5 Ke6 41. a6 Kd5 42. Ne3+ Kc6 43. Kf3 Kb6 44. Nd5+ Kxa6 45. Nf4 Kb7 46. Nxg6 Kc6 47. Nf4 Kd7 48. Nxh5 Ke6 49. Nf4+ Kf7 50. Nd3 Bd6 51. Kg4 Kg6 52. f4 Kh6 53. f5 Kg7 54.
Nf4 Kf6 55. Nd5+ Kg7 56. f6+ Kg6 57. h5+ Kf7 58. Kf3 Bf8 59. g4 Bh6 60. Ke4 Bg5 61. Kf5 Bc1 62. g5 Bb2 63. g6+ Kg8 64. Ne7+ Kh8 65.
g7+ 1-0

[Event "*** Titled Tuesday 3|2 Blitz"]
[Site "Chess.com"]
[Date "2016.03.01"]
[Round "3"]
[White "Iwannabetheguy"]
[Black "ethylalcohol"]
[Result "0-1"]
[WhiteElo "2004"]
[BlackElo "1731"]
[TimeControl "180+2"]
[EndTime "17:34:09 PST"]
[Termination "ethylalcohol won by resignation"]

1. e4 e5 2. Nf3 Nc6 3. Bc4 Bc5 4. b4 Bxb4 5. c3 Ba5 6. d4 Qf6 7. O-O h6 8. Qb3 Nge7 9. dxe5 Qg6 10. Nh4 Qh5 11.
Nf3 O-O 12. Ba3 Bb6 13. Qc2 Re8 14. Nbd2 Nxe5 15. Nxe5 Qxe5 16. Nf3 Qh5 17. Rad1 d6 18. Nd4 Bg4 19. f3 Bd7 20. Kh1 Ng6 21. f4 Bg4 22. Rde1 Nh4 23. Qf2 Kh8 24. Bxf7 Qxf7 25. Qxh4 Be6 26.
Nf3 Bxa2 27. Ng5 Qg6 28. Nf3 Bc4 29. Rf2 Rxe4 30. Rxe4 Qxe4 31. h3 Bxf2 32. Qxf2 Re8 33.
Nd4 Qe1+ 34. Qxe1 Rxe1+ 35. Kh2 Ra1 36. Bb2 Ra2 37. Bc1 Bd5 38. Kg3 Rxg2+ 39. Kh4 c5 40. Nf5 Rc2 41. Be3 Rxc3 42. Bf2 Rf3 43. Bg3 a5 44. Ne7 Bc6 45. Ng6+ Kh7 46. Ne7 Kh8 47.
Ng6+ Kg8 48. Ne7+ Kf7 49. Nf5 a4 50. Nxd6+ Ke6 51. Nc4 b5 52. Ne5 Rxg3 53. Kxg3 Bd5 54. Nd3 a3 55. Nxc5+ Kd6 56. Nd3 a2 57. Nb4 0-1

[Event "*** Titled Tuesday 3|2 Blitz"]
[Site "Chess.com"]
[Date "2016.03.01"]
[Round "3"]
[White "Fins0905"]
[Black "Aygehovit1992"]
[Result "1-0"]
[WhiteElo "2453"]
[BlackElo "2407"]
[TimeControl "180+2"]
[EndTime "17:34:23 PST"]
[Termination "Fins0905 won by resignation"]

1. d4 d6 2. e4 g6 3. Nc3 Bg7 4. Nf3 a6 5. a4 b6 6. Bc4 e6 7. Ne2 Bb7 8. Ng3 Nf6 9. Bd3 Nbd7 10. Qe2 c5 11. c3 Qc7 12. O-O O-O 13. Bf4 e5 14.
dxe5 Nxe5 15. Nxe5 dxe5 16. Be3 h5 17. f3 a5 18.
Rfd1 h4 19. Nh1 Nh5 20. Bb5 Bc6 21. Nf2 f5 22. Bg5 Bf6 23. Bxf6 Rxf6 24. Bxc6 Qxc6 25. exf5 Rxf5 26. Qe4 Qxe4 27. Nxe4 Nf4 28. g3 hxg3 29.
hxg3 Ne6 30. Rd6 Nf8 31. Kg2 Rb8 32. c4 Rf7 33. Rad1 Rbb7 34. R1d5 Rfe7 35. Rc6 Kg7 36. Rdd6 Kf7 37. Rxb6 Rxb6 38. Rxb6 Ne6 39. Rb5 Rc7 40.
Rxa5 Ke7 41. Rb5 Kd7 42. Rb6 Ra7 43. b3 Ke7 44. Kh3 Kd7 45. Kg4 Ke7 46. Rd6 Nd4 47.
Rd5 Nxb3 48. Nxc5 Nd4 49. Rxe5+ Kf6 50. f4 Nf5 51. a5 Rc7 52. a6 Ra7 53. Re6+ Kf7 54.
Rb6 Ra8 55. Rb7+ Kf6 56. a7 Rh8 57. Rb8 Rh1 58. a8=Q 1-0

[Event "*** Titled Tuesday 3|2 Blitz"]
[Site "Chess.com"]
[Date "2016.03.01"]
[Round "3"]
[White "pKiLz5Rn9b"]
[Black "oskariot"]
[Result "1-0"]
[WhiteElo "2498"]
[BlackElo "2311"]
[TimeControl "180+2"]
[EndTime "17:35:38 PST"]
[Termination "pKiLz5Rn9b won by checkmate"]

1. e4 c5 2. c3 Nf6 3. e5 Nd5 4. d4 cxd4 5. cxd4 d6 6. Nf3 e6 7.
Bc4 Nc6 8. O-O Be7 9. Qe2 O-O 10. Nbd2 Bd7 11. Ne4 dxe5 12. dxe5 Rc8 13. Rd1 Qc7 14.
Bd3 Nxe5 15. Nxe5 Qxe5 16. Bd2 Bc6 17. Rac1 Rfd8 18. Bb1 Nf6 19. Bc3 Rxd1+ 20. Rxd1 Qb5 21. Nxf6+ Bxf6 22. Qc2 Qh5 23. Bxf6 gxf6 24. h3 f5 25.
Rd6 Qg5 26. g3 Qh5 27. Qd2 Bd5 28. Bd3 h6 29. Qf4 Qxh3 30. Rxd5 exd5 31. Bxf5 Rc1+ 32. Qxc1 Qxf5 33. Qxh6 Qb1+ 34. Kg2 Qxb2 35. Qg5+ Qg7 36. Qxd5 Qb2 37. g4 Qb6 38. Kg3 Kg7 39. Qe5+ Kg6 40.
Qe4+ Kg7 41. g5 Qa5 42. Qd4+ Kg8 43. f4 Qxa2 44. Qd8+ Kg7 45. Qf6+ Kg8 46. Qd8+ Kg7 47. Qd4+ Kg8 48. Qe4 Qb3+ 49. Kh4 a5 50. Qe8+ Kg7 51. Qe5+ Kh7 52. Qxa5 b5 53. Qb6 Qc4 54. Qh6+ Kg8 55. Qf6 b4 56. Qe5 b3 57. Kh5 Qe6 58. Qb8+ Kh7 59.
Kh4 Qc4 60. Qe5 Qc2 61. Qf6 Qg6 62. Qd4 Qc2 63. Qd5 Kg8 64. Qd8+ Kg7 65. Qf6+ Kh7 66.
Qxf7+ Kh8 67. g6 Qh2+ 68. Kg4 Qg2+ 69. Kf5 Qc2+ 70. Kg5 Qg2+ 71. Kf6 Qb2+ 72. Ke6 Qe2+ 73. Kd7 Qd3+ 74. Kc6 Qc3+ 75. Kb5 Qd3+ 76. Ka4 Qc3 77. Qf8# 1-0

[Event "*** Titled Tuesday 3|2 Blitz"]
[Site "Chess.com"]
[Date "2016.03.01"]
[Round "3"]
[White "maciek_92"]
[Black "GM_Huschenbeth"]
[Result "1/2-1/2"]
[WhiteElo "2449"]
[BlackElo "2383"]
[TimeControl "180+2"]
[EndTime "17:35:55 PST"]
[Termination "Game drawn - insufficient material"]

1. c4 c5 2. Nf3 Nc6 3. g3 g6 4. Bg2 Bg7 5. Nc3 e6 6. O-O Nge7 7. d3 O-O 8. Bd2 d5 9. cxd5 exd5 10. Rc1 b6 11. e4 dxe4 12. dxe4 Ba6 13. Re1 Nb4 14. Qa4 Qc8 15. Red1 Nd3 16. Rb1 Re8 17. Bf1 c4 18. b3 cxb3 19. Qxb3 Nc5 20. Qa3 Bxf1 21. Rxf1 Qg4 22. Kg2 Nxe4 23. Rb4 Nc6 24. Rxe4 Rxe4 25. h3 Qf5 26. Nxe4 Qxe4 27. Re1 Qd5 28. Qb3 Qxb3 29. axb3 a5 30. Rc1 Rc8 31.
h4 Ne7 32. Re1 Nd5 33. h5 gxh5 34. Re4 Bf6 35. Bh6 Bg7 36. Bd2 Nf6 37. Re7 Ng4 38. Rb7 Bf8 39. Rxb6 Bc5 40. Rb5 Bxf2 41. Rxh5 Be3 42.
Bxa5 Rc2+ 43. Kh3 Nf2+ 44. Kh4 h6 45. Re5 Bc1 46. Re8+ Kg7 47. Bb6 Bb2 48. g4 Nd3 49.
Nd4 Nf4 50. Nf5+ Kh7 51. Kg3 Ng6 52. Bd4 Bxd4 53. Nxd4 Rc3+ 54. Kf2 Nf4 55. Re4 Nd5 56. Re5 Nf6 57. Ke2 Nxg4 58. Re4 h5 59. Kd2 Rc7 60. b4 Kg6 61. b5 Rb7 62. Kc3 Nf6 63. Re1 h4 64. Kc4 Nd7 65. Kd5 Rb8 66. Kc6 Nf6 67.
b6 Kg5 68. Kc7 Rh8 69. b7 Ne8+ 70. Kc6 Nf6 71. Kc7 Ne8+ 72. Kb6 Nd6 73. Rg1+ Kf4 74. Rf1+ Ke4 75. Nc6 Nxb7 76. Kxb7 h3 77. Rxf7 h2 78. Rf1 Rh7+ 79. Kb6 h1=Q 80. Rxh1 Rxh1 81. Kc5 Rc1+ 82.
Kd6 Rxc6+ 83. Kxc6 1/2-1/2

[Event "*** Titled Tuesday 3|2 Blitz"]
[Site "Chess.com"]
[Date "2016.03.01"]
[Round "4"]
[White "Kanthecarowin"]
[Black "gumersindo"]
[Result "0-1"]
[WhiteElo "2175"]
[BlackElo "2318"]
[TimeControl "180+2"]
[EndTime "17:38:52 PST"]
[Termination "gumersindo won by resignation"]

1. d4 d5 2. c4 c6 3. Nf3 Nf6 4. cxd5 cxd5 5. Nc3 Nc6 6. Bf4 e6 7. e3 Bd6 8. Bg3 O-O 9. Bd3 a6 10. Rc1 Bxg3 11. Bb1 0-1

[Event "*** Titled Tuesday 3|2 Blitz"]
[Site "Chess.com"]
[Date "2016.03.01"]
[Round "4"]
[White "yopino"]
[Black "Rating-Schmating"]
[Result "1-0"]
[WhiteElo "2193"]
[BlackElo "2270"]
[TimeControl "180+2"]
[EndTime "17:39:34 PST"]
[Termination "yopino won by resignation"]

1. e4 e6 2. d4 d5 3. Nd2 a6 4.
Ngf3 Nf6 5. e5 Nfd7 6. Bd3 c5 7. c3 Nc6 8. O-O Be7 9. Re1 g5 10. dxc5 Bxc5 11. Nb3 Be7 12. Nbd4 g4 13. Nxc6 bxc6 14. Nd4 Bb7 15. Qxg4 c5 16. Nf3 Qc7 17. Qg7 O-O-O 18. Qxf7 Nb6 19. Qxe6+ Kb8 20. Bf4 Rhg8 21. Bg3 Rdf8 22.
Bxh7 Rg7 23. Qh6 Nc8 24. Qxg7 a5 25. e6 Rd8 26. Bxc7+ 1-0

[Event "*** Titled Tuesday 3|2 Blitz"]
[Site "Chess.com"]
[Date "2016.03.01"]
[Round "4"]
[White "SenseiJulio"]
[Black "jk13"]
[Result "1-0"]
[WhiteElo "2618"]
[BlackElo "2440"]
[TimeControl "180+2"]
[EndTime "17:39:44 PST"]
[Termination "SenseiJulio won by resignation"]

1. d4 Nf6 2. c4 e6 3. Nc3 Bb4 4. g3 d5 5. Nf3 O-O 6. Bg2 b6 7. O-O Bb7 8. Ne5 Nbd7 9. Bg5 Be7 10. Rc1 h6 11. Bf4 c5 12. Nxd7 Qxd7 13. dxc5 bxc5 14. cxd5 exd5 15. Be5 Rfd8 16. Na4 Qe6 17. Bxf6 Qxf6 18.
Nxc5 Bxc5 19. Rxc5 Qxb2 20. Qb1 Qb6 21. Rb5 1-0

[Event "*** Titled Tuesday 3|2 Blitz"]
[Site "Chess.com"]
[Date "2016.03.01"]
[Round "4"]
[White "Izoria123"]
[Black "Hikaru"]
[Result "1/2-1/2"]
[WhiteElo "2582"]
[BlackElo "2863"]
[TimeControl "180+2"]
[EndTime "17:40:17 PST"]
[Termination "Game drawn by agreement"]

1. d4 Nf6 2. c4 e6 3. Nf3 d5 4.
Nc3 Be7 5. Bg5 h6 6. Bh4 O-O 7. e3 Ne4 8. Bxe7 Qxe7 9. Rc1 c6 10. Bd3 Nxc3 11. Rxc3 dxc4 12. Bxc4 Nd7 13. O-O b6 14.
Bd3 c5 15. Be4 Rb8 16. Qa4 Bb7 17. Bxb7 Rxb7 18. Rfc1 a5 19. h3 e5 20. Qc6 Rbb8 21. Qe4 Rfe8 22. dxe5 Nxe5 23. Nxe5 Qxe5 24. Qxe5 Rxe5 25.
Rd1 Kf8 26. a4 Re4 27. b3 Ke8 28. Rc4 Re6 29. Kf1 1/2-1/2

[Event "*** Titled Tuesday 3|2 Blitz"]
[Site "Chess.com"]
[Date "2016.03.01"]
[Round "4"]
[White "Quiet_Desperation"]
[Black "chessking2151"]
[Result "0-1"]
[WhiteElo "2229"]
[BlackElo "2317"]
[TimeControl "180+2"]
[EndTime "17:41:15 PST"]
[Termination "chessking2151 won by resignation"]

1. e4 c5 2. Nf3 Nc6 3. d4 cxd4 4.
Nxd4 g6 5. Nc3 Bg7 6. Be3 Nf6 7. Bc4 O-O 8. Bb3 d6 9. f3 Bd7 10. Qd2 Rc8 11. O-O-O Ne5 12. h4 h5 13. Bg5 Rc5 14. Kb1 b5 15. g4 b4 16. Nd5 a5 17. gxh5 a4 18. Rdg1 axb3 19. hxg6 bxc2+ 20. Nxc2 fxg6 21. h5 Nxd5 22. exd5 Nxf3 23. Qe3 Nxg1 24. hxg6 Rf1+ 25. Ne1 Bf5+ 26. Ka1 Rc3 27. Qd2 Rd3 28. Qc1 Ne2 0-1

[Event "*** Titled Tuesday 3|2 Blitz"]
[Site "Chess.com"]
[Date "2016.03.01"]
[Round "4"]
[White "ArnaudovP"]
[Black "Tesla17"]
[Result "1-0"]
[WhiteElo "2307"]
[BlackElo "2285"]
[TimeControl "180+2"]
[EndTime "17:41:15 PST"]
[Termination "ArnaudovP won by resignation"]

1. Nf3 c5 2. c4 g6 3. d4 cxd4 4. Nxd4 Bg7 5. e4 Nc6 6. Be3 Nf6 7. Nc3 Qb6 8. Nb3 Qc7 9. Rc1 O-O 10. Nd5 Qd8 11. f3 d6 12. Be2 Bd7 13. O-O Re8 14. Qd2 Rc8 15. Rfd1 Nxd5 16. exd5 Ne5 17. h3 f5 18. Bd4 b6 19. f4 Nf7 20. Bxg7 Kxg7 21.
Nd4 Qc7 22. Bf3 Nh6 23. Re1 Ng8 24. g4 Nf6 25. g5 Ng8 26. Qc3 Kf7 27. Re6 Qc5 28.
Kg2 b5 29. b3 bxc4 30. bxc4 Bxe6 31. Nxe6 1-0

[Event "*** Titled Tuesday 3|2 Blitz"]
[Site "Chess.com"]
[Date "2016.03.01"]
[Round "4"]
[White "GM_Huschenbeth"]
[Black "thegreendog"]
[Result "1-0"]
[WhiteElo "2396"]
[BlackElo "2235"]
[TimeControl "180+2"]
[EndTime "17:41:27 PST"]
[Termination "GM_Huschenbeth won by resignation"]

1. e4 c5 2. Nf3 d6 3. Bb5+ Bd7 4.
Bxd7+ Qxd7 5. O-O Nc6 6. c3 e6 7. d4 cxd4 8. cxd4 Nf6 9. d5 Nd8 10. Nc3 Be7 11. Nd4 O-O 12. Be3 a6 13. a4 Rc8 14.
Rc1 Re8 15. h3 Bf8 16. Qf3 exd5 17. exd5 Rc4 18. b3 Rc8 19. Nf5 Re5 20. g4 b5 21. Bd4 b4 22. Bxe5 dxe5 23. Ne4 Nxe4 24. Qxe4 g6 25. Ne3 Bg7 26. Rxc8 Qxc8 27. Qc4 Qb7 28.
Rc1 Bf6 29. Qc7 Qa8 30. Qd7 Qb7 31. Qxb7 Nxb7 32. Rc6 Bg5 33. Nc4 1-0